 Dungeon Crawl Stone Soup version 0.17-a0-530-gbe3d13a (webtiles) character file.

3869 Fluffy the Pandemonic (level 10, -5/79 HPs)
             Began as a Demonspawn Gladiator on Apr 12, 2015.
             Was a High Priest of Makhleb.
             Slain by a hill giant
             ... wielding a +0 giant club
              (24 damage)
             ... on level 10 of the Dungeon.
             The game lasted 00:37:26 (8403 turns).

Fluffy the Pandemonic (Demonspawn Gladiator)        Turns: 8403, Time: 00:37:26

Health: -5/79      AC: 24    Str: 18    XL:     10   Next: 0%
Magic:  16/16      EV:  6    Int: 11    God:    Makhleb [*****.]
Gold:   546        SH:  0    Dex: 13    Spells: 0 memorised, 9 levels left

rFire  + . .     SeeInvis .     a - +0 long sword
rCold  . . .     Clarity  .     y - +0 plate armour
rNeg   . . .     SustAb   .     (no shield)
rPois  .         Gourm    .     c - +1 helmet
rElec  .         Spirit   .     (no cloak)
rCorr  .         Warding  .     v - +0 pair of gloves
rMut   .         Stasis   .     (no boots)
MR     +....                    (no amulet)
Stlth  ..........               (no ring)
                                n - ring of protection from magic

@: somewhat resistant to hostile enchantments, extremely unstealthy
A: talons 2, iridescent scales 3, fire resistance 1, nightstalker 1, flame cloud
immunity
a: Minor Destruction, Lesser Servant of Makhleb, Major Destruction, Greater
Servant of Makhleb, Renounce Religion


You were on level 10 of the Dungeon.
You worshipped Makhleb.
Makhleb was extremely pleased with you.
You were not hungry.

You visited 1 branch of the dungeon, and saw 8 of its levels.
You also visited: Ossuary.

You collected 546 gold pieces.

Inventory:

Hand weapons
 a - a +0 long sword (weapon)
Missiles
 d - 4 throwing nets (quivered)
 i - 5 tomahawks of returning
Armour
 c - a +1 helmet (worn)
 v - a +0 pair of gloves (worn)
 y - a +0 plate armour (worn)
Jewellery
 n - a ring of protection from magic (left hand)
Magical devices
 t - a wand of draining (0)
Scrolls
 k - a scroll of teleportation
 m - 4 scrolls of amnesia
 p - 3 scrolls of magic mapping
 s - a scroll of fear
 u - a scroll of blinking
 w - 2 scrolls of identify
Potions
 e - 5 potions of restore abilities
 j - a potion of haste
 l - 2 potions of brilliance
 q - 2 potions of curing
 r - 2 potions of heal wounds
Comestibles
 b - 5 chunks of flesh
 f - 8 bread rations
 g - 5 meat rations
 h - 2 royal jellies
 o - 2 fruits
 z - a beef jerky


   Skills:
 + Level 7.1 Fighting
 + Level 8.1 Long Blades
 - Level 1.7 Throwing
 + Level 5.7 Armour
 - Level 2.6 Dodging
 + Level 9.1 Invocations


You had 9 spell levels left.
You didn't know any spells.

Dungeon Overview and Level Annotations

Branches:
Dungeon (10/15)            Temple (0/1) D:4            Lair (0/8) D:10
    Orc: D:9-12

Altars:
Dithmenos
Elyvilon
Gozag
Kikubaaqudgha
Makhleb
Nemelex Xobeh
Okawaru
Ru
Sif Muna
Vehumet
Xom
Zin
The Shining One

Shops:
D:4 :   D:7 [([


Innate Abilities, Weirdness & Mutations

You have razor-sharp toenails.
You are completely covered in iridescent scales (AC +8).
Your flesh is heat resistant.
You are slightly more attuned to the shadows.
You are immune to clouds of flame.


Message History

The hill giant is severely wounded.
The hill giant closely misses you.
Press: ? - help, v - describe, . - travel
Here: a hill giant, wielding a giant club (severely wounded)
The floor, spattered with blood.
Unknown command.
You barely miss the hill giant. You claw the hill giant.
The hill giant is severely wounded.
The hill giant hits you but does no damage.
You hit the hill giant but do no damage.
Your kick misses the hill giant.
The hill giant is severely wounded.
The hill giant hits you with a giant club!!
* * * LOW HITPOINT WARNING * * *
Drink which item? (? for menu, Esc to quit)
You feel much better.
You slash the hill giant! You claw the hill giant.
The hill giant is almost dead.
The hill giant hits you with a giant club!!
You die...

#.>.....................
#......#####'##..........
#......#......#..........
#......'......#...........
#......#......#.........C.
######....((#......#...........
#...........#......#..........
###.......(...########...........
.......).(....(.@C...)...........
...........[...#########...#####.
...............# #####
...............# ...............+
....#####......# ....# #......+ ≈
....# +......+ §≈. ....# ####k..#
.≈k§


You could see a hill giant.

Vanquished Creatures
  A spriggan (D:7)
  The ghost of Conn321 the Skirmisher, an average HOAK of Lugonu (D:3)
  A hippogriff (D:7)
  Menkaure (D:6)
  An orc warrior (D:7)
  An ice beast (D:10)
  2 sky beasts
  3 ogres
  6 centaurs
  5 big kobolds
  2 elf zombies (Ossuary)
  4 giant frogs
  A scorpion (D:6)
  5 crimson imps
  2 centaur zombies
  3 hounds
  A human zombie (Ossuary)
  3 orc priests
  An iguana (D:7)
  4 jellies
  2 centaur skeletons
  2 giant frog skeletons
  3 worker ants
  4 orc wizards
  2 big kobold zombies (Ossuary)
  2 mummies (Ossuary)
  2 worker ant zombies
  11 gnolls
  A shadow imp (D:10)
  10 adders
  A worm (D:2)
  An adder zombie (D:5)
  3 adder skeletons
  4 giant geckos
  16 orcs
  13 bats
  3 bat skeletons
  2 bat zombies
  22 hobgoblins
  9 jackals
  2 giant cockroaches
  8 giant newts
  40 goblins
  A goblin zombie (Ossuary)
  12 hobgoblin zombies (Ossuary)
  2 jackal zombies (Ossuary)
  17 kobolds
  9 kobold zombies (Ossuary)
  7 orc zombies (Ossuary)
  4 quokkas
  A quokka zombie (D:5)
  16 rats
280 creatures vanquished.

Vanquished Creatures (others)
  A smoke demon (D:10)
  A human (D:4)
2 creatures vanquished.

Grand Total: 282 creatures vanquished

Notes
Turn   | Place    | Note
--------------------------------------------------------------
     0 | D:1      | Fluffy, the Demonspawn Gladiator, began the quest for the Orb.
     0 | D:1      | Reached XP level 1. HP: 16/16 MP: 1/1
   265 | D:1      | Reached skill level 3 in Long Blades
   487 | D:1      | Gained mutation: You are slightly more attuned to the shadows. [demonic ancestry]
   487 | D:1      | Reached XP level 2. HP: 19/22 MP: 2/2
  1113 | D:2      | Gained mutation: You are partially covered in iridescent scales (AC +4). [demonic ancestry]
  1113 | D:2      | Reached XP level 3. HP: 23/27 MP: 3/3
  1174 | D:2      | Reached skill level 4 in Long Blades
  1707 | D:2      | Found a shimmering altar of Xom.
  1759 | D:2      | Gained mutation: You have sharp toenails. [demonic ancestry]
  1759 | D:2      | Reached XP level 4. HP: 33/33 MP: 4/4
  1788 | D:2      | Found an iron altar of Okawaru.
  2496 | D:3      | Found an opulent altar of Gozag.
  2498 | D:3      | Found a deep blue altar of Sif Muna.
  2498 | D:3      | Found a burning altar of Makhleb.
  2500 | D:3      | Found a sparkling altar of Nemelex Xobeh.
  2504 | D:3      | Found a glowing silver altar of Zin.
  2516 | D:3      | Became a worshipper of Makhleb the Destroyer
  2921 | D:3      | Reached skill level 1 in Invocations
  2925 | D:3      | Noticed a big kobold
  2925 | D:3      | Noticed a big kobold
  2925 | D:3      | Noticed a big kobold
  2925 | D:3      | Noticed a big kobold
  2944 | D:3      | Killed a big kobold
  2944 | D:3      | Reached skill level 5 in Long Blades
  2944 | D:3      | Reached XP level 5. HP: 26/38 MP: 4/6
  2946 | D:3      | Acquired Makhleb's first power
  3008 | D:3      | Killed a big kobold
  3029 | D:3      | Killed a big kobold
  3029 | D:3      | Reached skill level 1 in Armour
  3029 | D:3      | Gained mutation: Your flesh is heat resistant. [demonic ancestry]
  3029 | D:3      | Reached XP level 6. HP: 22/46 MP: 8/8
  3049 | D:3      | Killed a big kobold
  3318 | D:3      | Noticed Conn321's ghost (average HOAK)
  3347 | D:3      | Killed Conn321's ghost
  3347 | D:3      | Gained mutation: You are mostly covered in iridescent scales (AC +6). [demonic ancestry]
  3347 | D:3      | Reached XP level 7. HP: 25/52 MP: 8/10
  3615 | D:3      | Acquired Makhleb's second power
  4094 | D:4      | Found a sand-covered staircase.
  4102 | Ossuary  | Entered an ossuary
  4177 | Ossuary  | Acquired Makhleb's third power
  4287 | Ossuary  | Reached skill level 6 in Long Blades
  4305 | Ossuary  | Reached skill level 5 in Invocations
  4575 | D:4      | Found a sacrificial altar of Ru.
  4683 | D:4      | Found Ocad Nom's Book Boutique.
  4737 | D:4      | Gained mutation: You are completely covered in iridescent scales (AC +8). [demonic ancestry]
  4737 | D:4      | Reached XP level 8. HP: 41/61 MP: 10/12
  4850 | D:4      | Found a shadowy altar of Dithmenos.
  4932 | D:4      | Acquired Makhleb's fourth power
  5018 | D:4      | Found an ancient bone altar of Kikubaaqudgha.
  5019 | D:4      | Noticed a human
  5022 | D:4      | Killed a human
  5034 | D:4      | Found a staircase to the Ecumenical Temple.
  5297 | D:5      | Entered Level 5 of the Dungeon
  5568 | D:5      | Reached skill level 5 in Fighting
  5844 | D:5      | Acquired Makhleb's fifth power
  6621 | D:6      | Noticed Menkaure
  6634 | D:6      | Reached skill level 7 in Invocations
  6641 | D:6      | Killed Menkaure
  6833 | D:6      | Gained mutation: You have razor-sharp toenails. [demonic ancestry]
  6833 | D:6      | Reached XP level 9. HP: 67/69 MP: 14/14
  6851 | D:6      | Found a white marble altar of Elyvilon.
  7089 | D:6      | Found a white marble altar of Elyvilon.
  7296 | D:6      | Found a glowing golden altar of the Shining One.
  7394 | D:7      | Reached skill level 8 in Invocations
  7500 | D:7      | Reached skill level 5 in Armour
  7667 | D:7      | Found Siufekka's Armour Boutique.
  7749 | D:7      | Found a radiant altar of Vehumet.
  7979 | D:7      | Found Lereuf's Armour Shop.
  8205 | D:7      | Found Wiurgh's Antique Weapon Emporium.
  8210 | D:7      | You fall through a shaft for 3 floors!
  8210 | D:10     | Entered Level 10 of the Dungeon
  8241 | D:10     | Reached skill level 9 in Invocations
  8257 | D:10     | Found a staircase to the Lair.
  8257 | D:10     | Noticed a fire drake
  8362 | D:10     | Gained mutation: You are immune to clouds of flame. [demonic ancestry]
  8362 | D:10     | Reached XP level 10. HP: 66/79 MP: 16/16
  8367 | D:10     | Noticed a hill giant
  8401 | D:10     | HP: 1/79 [hill giant/giant club (19)]
  8403 | D:10     | Slain by a hill giant

Action                   |  1- 3 |  4- 6 |  7- 9 | 10-12 || total
-------------------------+-------+-------+-------+-------++-------
Melee: Short sword       |    41 |       |       |       ||    41
       Long sword        |   142 |   241 |   931 |    16 ||  1330
Invok: Minor Destruction |       |       |    25 |     2 ||    27
       Lesser Servant of |       |       |       |     1 ||     1
Evoke: Wand              |       |     5 |     2 |       ||     7
  Use: Scroll            |     3 |     6 |     8 |       ||    17
       Potion            |       |     5 |       |     3 ||     8
  Eat: Chunk             |     3 |     5 |    18 |       ||    26
       Fruit             |       |       |     2 |       ||     2
